 Dungeon Crawl Stone Soup version 0.29.1-12-g30fa7ad0bf (webtiles) character file.

Game seed: 14698649530237596845

79 Radix the Shooter (level 4, -2/43 HPs)
             Began as a Kobold Hunter on Dec 26, 2022.
             Slain by an adder (3 damage)
             ... on level 2 of the Dungeon.
             The game lasted 00:08:16 (1670 turns).

Radix the Shooter (Kobold Hunter)                   Turns: 1670, Time: 00:08:17

Health: -2/43      AC: 22    Str:  8    XL:     4   Next: 64%
Magic:  4/4        EV:  3    Int: 10    God:
Gold:   109        SH:  0    Dex: 20    Spells: 3/3 levels left

rFire   + . .      SeeInvis .   a - +0 shortbow
rCold   + . .      Faith    .   (shield currently unavailable)
rNeg    . . .      Spirit   .   (body armour currently unavailable)
rPois   +          Reflect  .   (helmet currently unavailable)
rElec   +          Harm     .   (cloak currently unavailable)
rCorr   +          Rampage  .   (gloves currently unavailable)
Will    .....      NoTele   +   (boots currently unavailable)
Stlth   +++.......              (no amulet)
HPRegen 0.14/turn               (no ring)
MPRegen 0.09/turn               (no ring)

@: lethally poisoned (-2 -> -3), tree-form, resistant
A: stationary, stasis, torment immunity, boosted hp, small, no large weapons,
nightstalker 3
a: no special abilities


You were on level 2 of the Dungeon.
You were a tree.
You visited 1 branch of the dungeon, and saw 2 of its levels.

You collected 109 gold pieces.

Inventory:

Hand Weapons
 a - a +0 shortbow (weapon)
Armour
 c - a +0 leather armour (melded)
Scrolls
 b - a scroll of immolation
 d - a scroll of noise {unknown}
 j - a scroll of fog {unknown}
 k - a scroll of enchant armour {unknown}
 l - a scroll of identify {unknown}
 m - a scroll of silence {unknown}
 n - a scroll of enchant weapon {unknown}
Potions
 h - a potion of heal wounds {unknown}
 i - a potion of haste {unknown}


   Skills:
 + Level 3.8 Fighting
 + Level 6.5 Ranged Weapons
 - Level 2.4 Dodging
 - Level 1.3 Stealth


You had 3 spell levels left.
You didn't know any spells.
Your spell library was empty.

Dungeon Overview and Level Annotations

Branches:
Dungeon (2/15)

Altars:

Shops:
D:2 [=

Annotations:
D:2 Natasha


Innate Abilities, Weirdness & Mutations

You are a tree.
Your roots penetrate the ground, keeping you stationary.
You cannot be teleported.
You are immune to unholy pain and torment.
Your maximum health is greatly increased.
Your equipment is partially melded.
You are small and have problems with some larger weapons.
You are completely attuned to the shadows.


Message History

Fire: a) +0 shortbow
Press: ? - help, Q - select action Shift-Dir - straight line, f/p - Natasha
Aim: Natasha (lightly wounded, 60% to hit)
You shoot an arrow. The arrow barely misses Natasha.
Natasha claws you. The adder attacks as you move away! The adder misses you.
Natasha casts a spell at you. The magic dart hits you!
The adder attacks as you move away! The adder bites you.
You are poisoned.
The adder poisons you!
You feel sick.
Natasha mumbles some strange words.
The adder closely misses you.
You feel sick. The adder attacks as you move away! The adder misses you.
You feel sick.
Fire: a) +0 shortbow
Press: ? - help, Q - select action Shift-Dir - straight line, f/p - Natasha
Aim: Natasha (lightly wounded, 60% to hit)
You shoot an arrow. The arrow closely misses the adder.
The arrow hits Natasha.
Natasha is moderately wounded.
You feel sick.
You are no longer poisoned.
The adder bites you but does no damage. The adder bites you.
* * * LOW HITPOINT WARNING * * *
You are lethally poisoned!
The adder poisons you!
The crimson imp laughs crazily.
It was a potion of cancellation.
You feel magically purged.
* * * LOW HITPOINT WARNING * * *
You feel sick. The adder bites you but does no damage.
It was a potion of resistance.
You feel protected.
* * * LOW HITPOINT WARNING * * *
You feel sick. The adder bites you but does no damage.
It was a potion of lignification.
You turn into a tree.
Your +0 leather armour melds into your body.
Your roots penetrate the ground.
* * * LOW HITPOINT WARNING * * *
You feel sick. The adder bites you.
You die...

######## #......#
##### #.####.#
#....
#..###.########
#.### ###
##.......hS♣...#
##.## ..#
#.....#w#5####.#
#...#
#.#####....#.#.#
#.#.#
....###......#.#
#...#
#...w...w..###.#
##.## ###S###..###
#.# #.# #.# #..#
#.# #.# #.#
#...####.#.####..#
#.# ..#
.........#.......
#.###


You could see a worm (wandering), Natasha, a crimson imp (summoned) and an
adder.

Vanquished Creatures
  Natasha (D:2)
  An adder (D:2)
  An ufetubus (D:2)
  A dart slug (D:2)
  A ball python (D:2)
  2 endoplasms (D:1)
  3 giant cockroaches
  A goblin (D:1)
  6 hobgoblins
  6 jackals
  3 kobolds (D:2)
  2 quokkas
  A frilled lizard (D:1)
  7 rats
36 creatures vanquished.

Notes
Turn   | Place    | Note
-------+----------+-------------------------------------------
     0 | D:1      | Radix the Kobold Hunter began the quest for the Orb.
     0 | D:1      | Reached XP level 1. HP: 12/12 MP: 1/1
   207 | D:1      | Reached XP level 2. HP: 17/18 MP: 2/2
   845 | D:1      | Reached XP level 3. HP: 23/23 MP: 3/3
   985 | D:2      | Found Kaihoc's Armour Boutique.
  1000 | D:2      | Reached skill level 6 in Ranged Weapons
  1177 | D:2      | Noticed Natasha
  1184 | D:2      | Killed Natasha
  1185 | D:2      | Reached XP level 4. HP: 11/28 MP: 4/4
  1383 | D:2      | Found Myjiaf's Jewellery Shop.
  1645 | D:2      | Noticed Natasha
  1669 | D:2      | HP: 1/29 [poisoned by an adder]
  1670 | D:2      | Slain by an adder

Illustrated notes

Levels and vault maps discovered:
D:1:      dpeg_arrival_pits, layout_basic, minmay_hexomino_p4
D:2:      layout_loops_corners, serial_shops, shop, nicolae_shop_trees,
          uniq_natasha

Skill      XL: |  1  2  3 |
---------------+----------+-----
Fighting       | 3 |  3.8
Ranged Weapons | 6 |  6.5
Dodging        | |  2.4
Stealth        | |  1.3

Action                   |  1- 3 |  4- 6 || total
-------------------------+-------+-------++-------
 Fire: Shortbow          |    87 |    24 ||   111
  Use: Potion            |       |     3 ||     3
Armor: Leather armour    |    15 |     8 ||    23
Dodge: Dodged            |    56 |    12 ||    68
